 Dungeon Crawl Stone Soup version 0.29-a0-643-ga013cefcf8 (webtiles) character file.

Game seed: 6334908410812047517

115 zeratav the Cutter (level 5, -1/30 HPs)
             Began as a Kobold Gladiator on June 20, 2022.
             Slain by an orc
             ... wielding a +2 vorpal hand axe
              (2 damage)
             ... on level 4 of the Dungeon.
             The game lasted 00:02:59 (2844 turns).

zeratav the Cutter (Kobold Gladiator)               Turns: 2844, Time: 00:02:59

Health: -1/30      AC:  4    Str: 12    XL:     5   Next: 20%
Magic:  5/5        EV: 15    Int:  9    God:
Gold:   163        SH:  0    Dex: 18    Spells: 4/4 levels left

rFire   . . .      SeeInvis .   a - +0 rapier {short}
rCold   . . .      Faith    .   (no shield)
rNeg    . . .      Spirit   .   b - +0 leather armour
rPois   .          Reflect  .   c - +0 helmet
rElec   .          Harm     .   (no cloak)
rCorr   .          Rampage  .   (no gloves)
Will    .....                   (no boots)
Stlth   ++++......              (no amulet)
HPRegen 0.10/turn               (no ring)
MPRegen 0.09/turn               (no ring)

@: no status effects
A: small, no large weapons, nightstalker 3
a: no special abilities


You were on level 4 of the Dungeon.
You visited 1 branch of the dungeon, and saw 4 of its levels.

You collected 163 gold pieces.


Innate Abilities, Weirdness & Mutations

You are small and have problems with some larger weapons.
You are completely attuned to the shadows.


   Skills:
 - Level 2.1 Fighting
 + Level 5.4 Short Blades
 - Level 2.1 Throwing
 - Level 3.6 Dodging
 - Level 5.0 Stealth


You had 4 spell levels left.
You didn't know any spells.
Your spell library contained the following spells:

 Spells                   Type           Power      Damage    Failure   Level
 Magic Dart               Conj           0%         1d3       45%         1
 Blink                    Tloc           0%         N/A       61%         2
 Ensorcelled Hibernation  Hex/Ice        0%         N/A       61%         2
 Searing Ray              Conj           0%         2d4       61%         2
 Lesser Beckoning         Tloc           0%         N/A       83%         3
 Spider Form              Tmut/Pois      0%         N/A       83%         3
 Anguish                  Hex/Necr       0%         N/A       99%         4
 Fulminant Prism          Conj/Hex       0%         3d6       99%         4
 Manifold Assault         Tloc           0%         N/A       100%        5

Inventory:

Hand Weapons
 a - a +0 rapier (weapon) {short}
Missiles
 d - 3 throwing nets (quivered) {=fthrowing}
 e - 2 boomerangs {throwing}
Armour
 b - a +0 leather armour (worn)
 c - a +0 helmet (worn)
 w - the +9 chain mail "Gybbeomy" {Int+2}
   (You found it on level 3 of the Dungeon)

   Int:       It affects your intelligence (+2).
Jewellery
 k - a ring of protection from cold
   (You found it on level 1 of the Dungeon)
 o - a ring of fire
   (You found it on level 2 of the Dungeon)
Scrolls
 g - 3 scrolls of identify {unknown}
 h - a scroll of brand weapon {unknown}
 i - a scroll of enchant weapon {unknown}
 l - a scroll of fear {unknown}
 m - a scroll of summoning {unknown}
 q - 2 scrolls of magic mapping {unknown}
 r - 2 scrolls of teleportation {unknown}
 t - 2 scrolls of amnesia {unknown}
 u - a scroll of vulnerability {unknown}
 v - a scroll of noise {unknown}
Potions
 f - 2 potions of heal wounds {unknown}
 j - a potion of lignification {unknown}
 n - a potion of attraction {unknown}
 p - a potion of degeneration {unknown}
 s - 5 potions of curing {unknown}

Dungeon Overview and Level Annotations

Branches:
Dungeon (4/15) Zot: 21157
 Temple: D:4-7

Altars:

[.... . ...##
..###### . ...
....<.># ≈#. #.#
#####.#####
≈≈≈.##@#............
≈≈..)#o#.#.#.#.#####
≈≈...B..#.#....#
≈≈#..#...#...####
≈........#......#
#..##....#....#.#
.........##...<.#
######...#......#
#............##


You could see an orc and a giant cockroach.


Message History

You are no longer poisoned.
You continue taking off the +9 chain mail "Gybbeomy" {Int+2}. x2
You finish taking off the +9 chain mail "Gybbeomy" {Int+2}.
You start putting on your armour.
You continue putting on your +0 leather armour. x5
You finish putting on your +0 leather armour.
HP[-2]
You take 2 damage, and now have 19/30 hp.
Done exploring.
HP[+11]
Your hp is fully restored (30).
Done exploring.
Done exploring.
(D) Dungeon
Where to? (Enter - D:3, ? - help)
There is a stone staircase leading down here.
You climb downwards.
You hear the sound of rushing water.
There is an entrance to a sewer on this level.
Hurry and find it before the portal rusts away!
Found a stone staircase leading down.
There is a stone staircase leading up here.
Found a stone staircase leading up.
You now have 163 gold pieces (gained 10).
An adder comes into view.
The helpless adder fails to defend itself.
You perforate the adder like a sieve!!!
You kill the adder!
A rat and an orc come into view.
An orc comes into view. It is wielding a +0 short sword.
A ball python comes into view.
The helpless orc fails to defend itself.
You skewer the orc like a kebab!!!
You kill the orc!
The orc shouts!
You hear a shout!
An orc comes into view. It is wielding a +2 vorpal hand axe.
The orc hits you with a +0 short sword.
HP[-1]
You take 1 damage, and now have 29/30 hp.
You hit the orc. The rat closely misses you.
The orc hits you with a +0 short sword.
HP[-4]
You take 4 damage, and now have 25/30 hp.
You closely miss the orc. The rat bites you but does no damage.
The orc hits you with a +0 short sword.
HP[-5]
You take 5 damage, and now have 20/30 hp.
You barely miss the orc. The ball python misses you.
The ball python barely misses you. The orc completely misses you.
The rat bites you but does no damage.
You barely miss the orc. The ball python closely misses you.
The ball python completely misses you. The rat closely misses you.
The orc barely misses you. The ball python misses you.
The ball python grabs you. The ball python constricts you.
You hit the orc.
You kill the orc!
A giant cockroach comes into view.
The rat misses you. The ball python barely misses you.
The ball python constricts you.
HP[-1]
You take 1 damage, and now have 19/30 hp.
You barely miss the orc. The rat bites you.
The orc hits you but does no damage. The ball python barely misses you.
The ball python constricts you.
HP[-2]
You take 2 damage, and now have 17/30 hp.
You closely miss the orc. The orc barely misses you.
The rat bites you but does no damage.
The ball python bites you but does no damage.
The ball python constricts you.
You hit the orc but do no damage. The ball python bites you.
The ball python constricts you. The rat closely misses you.
The orc barely misses you.
HP[-1]
You take 1 damage, and now have 16/30 hp.
You hit the orc. The ball python closely misses you.
The ball python constricts you. The rat bites you.
* * * LOW HITPOINT WARNING * * *
The orc hits you with a +2 vorpal hand axe.
* * * LOW HITPOINT WARNING * * *
x2 HP[-8]
You take 8 damage, and now have 8/30 hp.
MASSIVE DAMAGE!! (PAUSE)
You escape the ball python's grasp.
The orc attacks as you move away! The orc hits you but does no damage.
The ball python attacks as you move away!
The ball python closely misses you. x2
You barely miss the ball python. The ball python misses you.
The ball python barely misses you.
You puncture the ball python!
You kill the ball python!
You hit the rat. The rat misses you.
HP[+1]
You hit the rat.
You kill the rat!
The giant cockroach waves its antennae.
You hit the orc. The orc closely misses you.
You barely miss the orc.
The orc hits you with a +2 vorpal hand axe!
* * * LOW HITPOINT WARNING * * *
You die...

Skill      XL: |  1  2  3  4 |
---------------+-------------+-----
Stealth        | 2 3 4 5 |  5.0
Short Blades   | 5 |  5.4
Fighting       | |  2.1
Throwing       | |  2.1
Dodging        | |  3.6

Action                   |  1- 3 |  4- 6 || total
-------------------------+-------+-------++-------
Melee: Rapier            |    62 |    72 ||   134
       Punch             |     1 |     2 ||     3
 Stab: Sleeping          |     9 |    12 ||    21
Armor: Leather armour    |    15 |    13 ||    28
       Chain mail        |       |     3 ||     3
Dodge: Dodged            |    61 |    43 ||   104

Levels and vault maps discovered:
D:1:      psy_arrival_spokes, layout_basic, shapermc_ecumenical_altar_gd
D:2:      layout_basic
D:3:      layout_loops_cross, dk_noncrumbling_4
D:4:      layout_basic, cheibrodos_sewer_entry_drain, uniq_ijyb

Notes
Turn   | Place    | Note
-------+----------+-------------------------------------------
     0 | D:1      | zeratav the Kobold Gladiator began the quest for the Orb.
     0 | D:1      | Reached XP level 1. HP: 12/12 MP: 1/1
     0 | D:1      | magus.rc [v1.9.6]
    21 | D:1      | Reached skill level 1 in Stealth
    31 | D:1      | Reached skill level 2 in Stealth
    31 | D:1      | Reached XP level 2. HP: 7/17 MP: 2/2
   457 | D:1      | Reached skill level 3 in Stealth
   599 | D:1      | Reached XP level 3. HP: 13/21 MP: 3/3
   717 | D:1      | Found a faded altar of an unknown god.
   747 | D:1      | You pick up a book of Conjurations {@e2} and begin
                  | reading...
   747 | D:1      | You add the spells Magic Dart, Searing Ray and Fulminant
                  | Prism to your library.
   794 | D:1      | o - a +0 executioner's axe {axerare=g}
   795 | D:1      | You drop a +0 executioner's axe {axerare=g}.
   796 | D:1      | o - a +0 executioner's axe {axerare=g}
   933 | D:1      | You drop a +0 executioner's axe {axerare=g}.
   981 | D:2      | You pick up a book of Dreams and begin reading...
   981 | D:2      | You add the spells Ensorcelled Hibernation, Spider Form and
                  | Anguish to your library.
   998 | D:2      | Reached skill level 4 in Stealth
  1143 | D:2      | Reached XP level 4. HP: 26/26 MP: 4/4
  1268 | D:2      | Reached skill level 5 in Stealth
  1652 | D:2      | You pick up a book of Spatial Translocations and begin
                  | reading...
  1652 | D:2      | You add the spells Blink, Lesser Beckoning and Manifold
                  | Assault to your library.
  2606 | D:3      | Reached skill level 5 in Short Blades
  2606 | D:3      | Reached XP level 5. HP: 30/30 MP: 5/5
  2608 | D:3      | Identified the +9 chain mail "Gybbeomy" {Int+2}
  2844 | D:4      | HP: 1/30 [orc/+2 vorpal hand axe (8)]
  2844 | D:4      | Slain by an orc

Vanquished Creatures
  5 adders
  3 worms
  2 dart slugs
  3 orcs
  2 bats
  4 endoplasms
  3 giant cockroaches
  6 goblins
  4 hobgoblins
  5 jackals (D:1)
  7 ball pythons
  6 frilled lizards
  A kobold (D:2)
  4 rats
55 creatures vanquished.

Table legend:
 A = Non-vault XP
 B = Vault XP
 C = Vault XP percentage of total XP
 D = Non-vault monster count
 E = Vault monster count
 F = Vault count percentage of total count
                 A         B        C        D         E       F
            +---------+---------+-------+---------+---------+-------
      Total |     163 |       2 |   1.2 |      53 |       2 |   3.6
            +---------+---------+-------+---------+---------+-------
        D:1 |      38 |       0 |   0.0 |      22 |       0 |   0.0
        D:2 |      47 |       0 |   0.0 |      12 |       0 |   0.0
        D:3 |      59 |       0 |   0.0 |      16 |       0 |   0.0
        D:4 |      19 |       2 |   9.5 |       3 |       2 |  40.0
            +---------+---------+-------+---------+---------+-------

Illustrated notes

Table legend:
 A = Kills in this place as a percentage of kills in entire the game.
 B = Kills by you in this place as a percentage of kills by you in the entire game.
 C = Kills by friends in this place as a percentage of kills by friends in the entire game.
 D = Other kills in this place as a percentage of other kills in the entire game.
 E = Experience gained in this place as a percentage of experience gained in the entire game.
 F = Experience gained in this place divided by the number of levels of this place that you have seen.
                   A       B       C       D       E      F
               +-------+-------+-------+-------+-------+----------------------
         Total | 100.0 | 100.0 |   N/A |   N/A | 100.0 |  41.2
       Dungeon | 100.0 | 100.0 |   N/A |   N/A | 100.0 |  41.2
               +-------+-------+-------+-------+-------+----------------------

Table legend: (Time is in decaauts)
 A = Elapsed time spent in this place.
 B = Non-inter-level travel time spent in this place.
 C = Inter-level travel time spent in this place.
 D = Time resting spent in this place.
 E = Time spent auto-exploring this place.
 F = Levels seen in this place.
 G = Mean time per level.
                   A        B        C        D        E       F      G
               +--------+--------+--------+--------+--------+-----+--------+
         Total |   2841 |   2789 |     52 |    203 |   2226 |   4 |  710.2 |
       Dungeon |   2841 |   2789 |     52 |    203 |   2226 |   4 |  710.2 |
               +--------+--------+--------+--------+--------+-----+--------+

Top non-repeatable levels by time:
     D:3: 968 daAuts
     D:1: 933 daAuts
     D:2: 899 daAuts
     D:4: 40 daAuts
